Icehogs vs Condors
Created - March 11, 2022 at 19:11
Goals
|
| Icehogs |
1 |
1 |
2 |
4 |
| Condors |
0 |
2 |
0 |
2 |
|
Shots
|
| Icehogs |
10 |
9 |
8 |
27 |
| Condors |
11 |
10 |
5 |
26 |
|
1st period
1. Icehogs , Frederik Gauthier 9 (Stefan Matteau 11, Joe Cannata) at 12:16 (PP)
Penalties :
Mikhail Grigorenko (Roc) for Roughing (Minor) at 6:54, Mark Jankowski (Bak) for Interference (Minor) at 11:59, Curtis Lazar (Roc) for Holding (Minor) at 13:05
2nd period
2. Condors , Daniel Zaar 9 (Anton Slepyshev 22, Tyler Bozak 24) at 6:06
3. Icehogs , Tanner Richard 15 (Craig Cunningham 13) at 12:34
4. Condors , Mark Jankowski 14 (Robby Fabbri 17, Brett Lernout 2) at 14:10 (PP)
Penalties :
Patrick Sieloff (Roc) for Holding (Minor) at 1:18, Carl Gunnarsson (Bak) for Slashing (Minor) at 7:22, Craig Cunningham (Roc) for Roughing (Minor) at 13:53, Nick Mattson (Roc) for Delaying the game (Minor) at 19:19
3rd period
5. Icehogs , Stefan Matteau 11 (Frederik Gauthier 18, Mike Amadio 11) at 4:01
6. Icehogs , Stefan Matteau 12 (Duncan Siemens 3, Mike Amadio 12) at 13:28
Penalties :
Dillon Dube (Roc) for High sticking (Minor) at 7:35
Goalie Stats
Joe Cannata (Roc), 24 saves from 26 shots - (0.923), W, 12-12-1, 60:00 minutes
Mark Visentin (Bak), 23 saves from 27 shots - (0.852), L, 3-8-0, 60:00 minutes
Players Stats for Icehogs
Player Name G A P +/- PIM S H SB GA TA FO MP PP MP PK MP
------------------------------------------------------------------------------------
Andrew Mangiapane 0 0 0 -1 0 2 0 0 0 2 0/0 12:19 0:02 0:36
Calle Andersson 0 0 0 0 0 0 0 0 3 0 0/0 15:18 0:00 2:02
Craig Cunningham 0 1 1 1 2 3 2 0 1 1 0/0 16:27 0:53 3:07
Curtis Lazar 0 0 0 1 2 1 2 0 0 0 0/0 14:01 0:55 0:00
Dillon Dube 0 0 0 0 2 2 1 0 0 0 0/1 6:56 0:00 0:00
Duncan Siemens 0 1 1 0 0 1 3 0 0 0 0/0 11:38 0:00 0:00
Frederik Gauthier 1 1 2 2 0 1 0 1 0 1 10/17 24:04 1:21 6:29
Kurtis Gabriel 0 0 0 -1 0 1 1 0 0 0 1/2 10:50 0:00 0:00
Michael Chaput 0 0 0 -1 0 3 0 1 0 0 0/7 11:17 0:02 0:00
Mike Amadio 0 2 2 2 0 0 1 0 1 0 2/3 20:24 1:21 3:07
Mike Reilly 0 0 0 1 0 3 1 3 0 1 0/0 20:54 0:56 3:51
Mikhail Grigorenko 0 0 0 0 2 1 2 0 1 0 0/0 9:28 0:00 0:36
Nick Mattson 0 0 0 1 2 0 5 3 2 1 0/0 25:16 1:20 5:06
Nikita Scherbak 0 0 0 0 0 0 0 0 0 0 0/0 6:52 0:00 0:00
Patrick Sieloff 0 0 0 1 2 2 1 1 0 1 0/0 19:51 0:56 3:04
Petter Granberg 0 0 0 1 0 1 2 3 1 0 0/0 27:28 1:20 6:21
Stefan Matteau 2 1 3 2 0 4 0 0 1 0 3/9 23:57 1:21 6:29
Tanner Richard 1 0 1 1 0 2 1 0 0 0 4/10 12:42 0:53 0:00
Players Stats for Condors
Player Name G A P +/- PIM S H SB GA TA FO MP PP MP PK MP
------------------------------------------------------------------------------------
Adam Erne 0 0 0 0 0 3 1 2 0 1 0/0 16:55 4:38 0:00
Alexandre Carrier 0 0 0 0 0 1 0 1 0 1 0/0 12:08 0:10 0:00
Anton Slepyshev 0 1 1 0 0 1 2 0 0 1 1/2 20:53 5:32 0:51
Brett Lernout 0 1 1 -2 0 1 0 3 0 0 0/0 21:06 3:52 0:47
C.J Suess 0 0 0 0 0 0 1 0 0 0 0/0 11:45 0:02 0:00
Carl Gunnarsson 0 0 0 0 2 3 1 1 2 1 0/0 25:34 6:10 0:17
Chris Bigras 0 0 0 0 0 0 0 0 0 1 0/0 23:49 6:10 1:29
Christian Thomas 0 0 0 -2 0 1 0 0 0 0 0/0 10:51 0:00 0:51
Connor Hurley 0 0 0 -2 0 0 1 0 0 1 2/3 9:54 0:00 0:22
Daniel Zaar 1 0 1 0 0 3 2 0 1 1 0/0 20:12 5:32 0:09
Eric Gustafsson 0 0 0 -2 0 1 1 1 1 2 0/0 21:06 3:52 0:47
Gustav Olofsson 0 0 0 0 0 0 0 3 0 0 0/0 13:04 0:10 0:56
Jesse Puljujarvi 0 0 0 0 0 0 2 1 0 0 0/0 11:18 0:02 0:00
Kiefer Sherwood 0 0 0 -2 0 1 1 0 0 0 0/0 8:54 0:00 0:00
Louis Leblanc 0 0 0 0 0 3 3 0 0 0 3/6 11:35 0:02 0:00
Mark Jankowski 1 0 1 0 2 3 0 1 2 0 8/11 17:37 4:38 0:59
Philippe Myers 0 0 0 0 0 0 0 0 0 0 0/0 3:13 0:00 0:16
Robby Fabbri 0 1 1 0 0 3 1 1 1 0 0/0 16:38 4:38 0:00
Tyler Bozak 0 1 1 0 0 2 5 1 0 1 15/27 21:10 5:32 1:20
3 Stars
1 - Stefan Matteau (Roc)
2 - Frederik Gauthier (Roc)
3 - Mike Amadio (Roc)
Power Play
Icehogs - 1 on 2 Attempt(s) - 50.00%
Condors - 1 on 6 Attempt(s) - 16.67%
Penalty Kill
Icehogs - 5 on 6 Attempt(s) - 83.33%
- Score 0 goal in Penalty Kill
Condors - 1 on 2 Attempt(s) - 50.00%
- Score 0 goal in Penalty Kill
Team Stat
Icehogs - Hits : 22 - Faceoff Wins : 20 - Blocked Shots : 12 - Penalty Minutes : 12
Condors - Hits : 21 - Faceoff Wins : 29 - Blocked Shots : 15 - Penalty Minutes : 4
Official
Referees : Corey Syvret and Reid Anderson
Linesman : Steve Barton and Devin Berg
Game Notes
No Game Note
Finance
Level 1 -- Attendance: 1735 (86.75%) -- Ticket Income $60,725
Level 2 -- Attendance: 904 (90.40%) -- Ticket Income $13,560
Total Attendance: 2639 (87.97%)
Total Ticket Income: $74,285
Other Income: $3,714
Total Income: $77,999
Icehogs
5 vs 5 Forward
Center Left Wing Right Wing Time % Phy DF OF
1 Frederik Gauthier Stefan Matteau Mike Amadio 40 1 2 2
2 Tanner Richard Craig Cunningham Curtis Lazar 30 1 2 2
3 Michael Chaput Andrew Mangiapane Kurtis Gabriel 20 1 2 2
4 Dillon Dube Mikhail Grigorenko Nikita Scherbak 10 1 2 2
5 vs 5 Defense
Defense Defense Time % Phy DF OF
1 Petter Granberg Nick Mattson 40 1 2 2
2 Mike Reilly Patrick Sieloff 30 1 2 2
3 Duncan Siemens Calle Andersson 20 1 2 2
4 Petter Granberg Nick Mattson 10 1 2 2
PowerPlay Forward
Center Left Wing Right Wing Time % Phy DF OF
1 Frederik Gauthier Stefan Matteau Mike Amadio 60 1 2 2
2 Tanner Richard Craig Cunningham Curtis Lazar 40 1 2 2
PowerPlay Defense
Defense Defense Time % Phy DF OF
1 Petter Granberg Nick Mattson 60 1 2 2
2 Mike Reilly Patrick Sieloff 40 1 2 2
Penalty Kill 4 Players Forward
Center Wing Time % Phy DF OF
1 Stefan Matteau Frederik Gauthier 60 1 2 2
2 Mike Amadio Craig Cunningham 40 1 2 2
Penalty Kill 4 Players Defense
Defense Defense Time % Phy DF OF
1 Petter Granberg Nick Mattson 60 1 2 2
2 Mike Reilly Patrick Sieloff 40 1 2 2
Penalty Kill - 3 Players Forward
Forward Time % Phy DF OF
1 Stefan Matteau 60 1 2 2
2 Frederik Gauthier 40 1 2 2
Penalty Kill - 3 Players Defense
Defense Defense Time % Phy DF OF
1 Petter Granberg Nick Mattson 60 1 2 2
2 Mike Reilly Patrick Sieloff 40 1 2 2
4 vs 4 Forward
Center Wing Time % Phy DF OF
1 Stefan Matteau Frederik Gauthier 60 1 2 2
2 Mike Amadio Craig Cunningham 40 1 2 2
4 vs 4 Defense
Defense Defense Time % Phy DF OF
1 Petter Granberg Nick Mattson 60 1 2 2
2 Mike Reilly Patrick Sieloff 40 1 2 2
Last Minutes Offensive
Center Left Wing Right Wing Defense Defense
Frederik Gauthier Stefan Matteau Mike Amadio Petter Granberg Nick Mattson
Last Minutes Defensive
Center Left Wing Right Wing Defense Defense
Frederik Gauthier Stefan Matteau Mike Amadio Petter Granberg Nick Mattson
Goaltenders
Starting : Joe Cannata
Backup : Mackenzie Blackwood
Extra Forwards
Normal : Michael Chaput, Andrew Mangiapane, Mikhail Grigorenko - PP : Michael Chaput, Andrew Mangiapane - PK : Mikhail Grigorenko
Extra Defensemen
Normal : Duncan Siemens, Calle Andersson, Mike Reilly - PP : Duncan Siemens - PK : Calle Andersson, Mike Reilly
Penalty Shots
Stefan Matteau, Frederik Gauthier, Mike Amadio, Craig Cunningham, Tanner Richard
Scratches
Ben Harpur (Broken Bone (Right Foot) Injury), Clark Bishop (Healthy), JJ. Piccinich (Healthy), Julius Honka (Healthy), Kevin Fiala (Healthy)
Mattias Janmark (Healthy), Myles Bell (Healthy), Nick Paul (Healthy), Patrick Russell (Healthy), Ross Johnston (Healthy)
Zach Whitecloud (Healthy), Jeremy Davies (Healthy), Jackson Cates (Healthy), Michael Giugovaz (Healthy), Jack LaFontaine (Healthy)
Condors
5 vs 5 Forward
Center Left Wing Right Wing Time % Phy DF OF
1 Tyler Bozak Anton Slepyshev Daniel Zaar 40 1 2 2
2 Mark Jankowski Robby Fabbri Adam Erne 30 1 2 2
3 Louis Leblanc C.J Suess Jesse Puljujarvi 20 1 2 2
4 Connor Hurley Christian Thomas Kiefer Sherwood 10 1 2 2
5 vs 5 Defense
Defense Defense Time % Phy DF OF
1 Carl Gunnarsson Chris Bigras 40 1 2 2
2 Eric Gustafsson Brett Lernout 30 1 2 2
3 Alexandre Carrier Gustav Olofsson 20 1 2 2
4 Philippe Myers Carl Gunnarsson 10 1 2 2
PowerPlay Forward
Center Left Wing Right Wing Time % Phy DF OF
1 Tyler Bozak Anton Slepyshev Daniel Zaar 60 1 2 2
2 Mark Jankowski Robby Fabbri Adam Erne 40 1 2 2
PowerPlay Defense
Defense Defense Time % Phy DF OF
1 Carl Gunnarsson Chris Bigras 60 1 2 2
2 Eric Gustafsson Brett Lernout 40 1 2 2
Penalty Kill 4 Players Forward
Center Wing Time % Phy DF OF
1 Tyler Bozak Mark Jankowski 60 1 2 2
2 Anton Slepyshev Daniel Zaar 40 1 2 2
Penalty Kill 4 Players Defense
Defense Defense Time % Phy DF OF
1 Carl Gunnarsson Chris Bigras 60 1 2 2
2 Eric Gustafsson Brett Lernout 40 1 2 2
Penalty Kill - 3 Players Forward
Forward Time % Phy DF OF
1 Tyler Bozak 60 1 2 2
2 Mark Jankowski 40 1 2 2
Penalty Kill - 3 Players Defense
Defense Defense Time % Phy DF OF
1 Carl Gunnarsson Chris Bigras 60 1 2 2
2 Eric Gustafsson Brett Lernout 40 1 2 2
4 vs 4 Forward
Center Wing Time % Phy DF OF
1 Tyler Bozak Mark Jankowski 60 1 2 2
2 Anton Slepyshev Daniel Zaar 40 1 2 2
4 vs 4 Defense
Defense Defense Time % Phy DF OF
1 Carl Gunnarsson Chris Bigras 60 1 2 2
2 Eric Gustafsson Brett Lernout 40 1 2 2
Last Minutes Offensive
Center Left Wing Right Wing Defense Defense
Tyler Bozak Anton Slepyshev Daniel Zaar Carl Gunnarsson Chris Bigras
Last Minutes Defensive
Center Left Wing Right Wing Defense Defense
Tyler Bozak Anton Slepyshev Daniel Zaar Carl Gunnarsson Chris Bigras
Goaltenders
Starting : Mark Visentin
Backup : Ilya Samsonov
Extra Forwards
Normal : Louis Leblanc, C.J Suess, Christian Thomas - PP : Louis Leblanc, C.J Suess - PK : Christian Thomas
Extra Defensemen
Normal : Alexandre Carrier, Gustav Olofsson, Philippe Myers - PP : Alexandre Carrier - PK : Gustav Olofsson, Philippe Myers
Penalty Shots
Tyler Bozak, Mark Jankowski, Anton Slepyshev, Daniel Zaar, Robby Fabbri
Scratches
Anders Bjork (Healthy), Cole Cassels (Healthy), Colin White (Healthy), Emil Djuse (Healthy), Jeremy Gregoire (Healthy)
Jordan Subban (Healthy), Nick Merkley (Healthy), Remi Elie (Healthy), Nikolai Knyzhov (Healthy), Lucas Johansen (Healthy)
Jack Campbell (Healthy)
% Time on Ice - Icehogs
Lines # - Real PCT - Wanted PCT - Time Play
Normal Forward
1 - 37% - 40% - 17:36
2 - 28% - 30% - 13:21
3 - 20% - 20% - 9:43
4 - 14% - 10% - 6:52
Normal Defense
1 - 39% - 40% - 18:37
2 - 34% - 30% - 16:07
3 - 24% - 20% - 11:22
4 - 3% - 10% - 1:26
PP Forward
1 - 60% - 60% - 1:21
2 - 40% - 40% - 0:55
PP Defense
1 - 59% - 60% - 1:20
2 - 41% - 40% - 0:56
PK Forward
1 - 69% - 60% - 7:05
2 - 31% - 40% - 3:07
PK Defense
1 - 62% - 60% - 6:21
2 - 38% - 40% - 3:51
PK3 Forward
1 - 0% - 60%
2 - 0% - 40%
PK3 Defense
1 - 0% - 60%
2 - 0% - 40%
44 Forward
1 - 0% - 60%
2 - 0% - 40%
44 Defense
1 - 0% - 60%
2 - 0% - 40%
Last Minute Offensive - 0:00
Last Minute Defensive - 0:00
Total
Forward - 60:00
Defense - 60:00
|
% Time on Ice - Condors
Lines # - Real PCT - Wanted PCT - Time Play
Normal Forward
1 - 31% - 40% - 14:57
2 - 29% - 30% - 13:34
3 - 21% - 20% - 10:07
4 - 19% - 10% - 8:54
Normal Defense
1 - 34% - 40% - 16:15
2 - 35% - 30% - 16:27
3 - 25% - 20% - 11:53
4 - 6% - 10% - 2:57
PP Forward
1 - 55% - 60% - 5:34
2 - 45% - 40% - 4:38
PP Defense
1 - 62% - 60% - 6:20
2 - 38% - 40% - 3:52
PK Forward
1 - 93% - 60% - 2:07
2 - 7% - 40% - 0:09
PK Defense
1 - 65% - 60% - 1:29
2 - 35% - 40% - 0:47
PK3 Forward
1 - 0% - 60%
2 - 0% - 40%
PK3 Defense
1 - 0% - 60%
2 - 0% - 40%
44 Forward
1 - 0% - 60%
2 - 0% - 40%
44 Defense
1 - 0% - 60%
2 - 0% - 40%
Last Minute Offensive - 0:00
Last Minute Defensive - 0:00
Total
Forward - 60:00
Defense - 60:00
|
Play-by-Play
1st period
0:01 of 1st period - Frederik Gauthier wins face-off versus Tyler Bozak in neutral zone.
0:31 of 1st period - Snap shot by Tanner Richard.
0:31 of 1st period - Stopped by Mark Visentin with a rebound.
0:36 of 1st period - Off-side.
0:37 of 1st period - Louis Leblanc wins face-off versus Kurtis Gabriel in neutral zone.
0:39 of 1st period - Off-side.
0:40 of 1st period - Louis Leblanc wins face-off versus Michael Chaput in neutral zone.
0:42 of 1st period - Off-side.
0:43 of 1st period - Kurtis Gabriel wins face-off versus Louis Leblanc in neutral zone.
0:57 of 1st period - Wrist shot by Louis Leblanc.
0:57 of 1st period - Shot Misses the Net.
1:09 of 1st period - Snap shot by Craig Cunningham.
1:09 of 1st period - Stopped by Mark Visentin with a rebound.
2:04 of 1st period - Connor Hurley is hit by Dillon Dube and loses puck.
2:15 of 1st period - Nick Mattson is hit by C.J Suess and loses puck.
2:42 of 1st period - Mark Jankowski is hit by Petter Granberg and loses puck.
3:04 of 1st period - Frederik Gauthier is hit by Daniel Zaar and loses puck.
3:29 of 1st period - Snap shot by Nikita Scherbak.
3:29 of 1st period - Shot Misses the Net.
3:31 of 1st period - Slapshot by Duncan Siemens.
3:31 of 1st period - Deflect By Mikhail Grigorenko.
3:31 of 1st period - Stopped by Mark Visentin without a rebound.
3:32 of 1st period - Tyler Bozak wins face-off versus Tanner Richard in Condors zone.
3:43 of 1st period - Wrist shot by Craig Cunningham.
3:43 of 1st period - Shot Blocked by Tyler Bozak.
3:59 of 1st period - Mike Reilly is hit by Louis Leblanc and loses puck.
4:10 of 1st period - Louis Leblanc is hit by Nick Mattson.
4:54 of 1st period - Wrist shot by Tyler Bozak.
4:54 of 1st period - Shot Blocked by Petter Granberg.
5:10 of 1st period - Snap shot by Craig Cunningham.
5:10 of 1st period - Shot Blocked by Mark Jankowski.
5:12 of 1st period - Slapshot by Nick Mattson.
5:12 of 1st period - Shot Blocked by Gustav Olofsson.
5:14 of 1st period - Snap shot by Tanner Richard.
5:14 of 1st period - Shot Misses the Net.
5:16 of 1st period - Slapshot by Petter Granberg.
5:16 of 1st period - Shot Misses the Net.
5:30 of 1st period - Slapshot by Mike Reilly.
5:30 of 1st period - Shot Misses the Net.
5:38 of 1st period - Backhand shot by Mark Jankowski.
5:38 of 1st period - Shot Misses the Net.
6:02 of 1st period - Snap shot by Andrew Mangiapane.
6:02 of 1st period - Shot Blocked by Gustav Olofsson.
6:04 of 1st period - Slapshot by Mike Reilly.
6:04 of 1st period - Stopped by Mark Visentin with a rebound.
6:06 of 1st period - Snap shot by Andrew Mangiapane.
6:06 of 1st period - Stopped by Mark Visentin with a rebound.
6:36 of 1st period - Slapshot by Christian Thomas.
6:36 of 1st period - Shot Blocked by Michael Chaput.
6:54 of 1st period - Minor Penalty to Mikhail Grigorenko for Roughing.
6:55 of 1st period - Stefan Matteau wins face-off versus Anton Slepyshev in Icehogs zone.
7:27 of 1st period - Off-side.
7:28 of 1st period - Mike Amadio wins face-off versus Tyler Bozak in neutral zone.
8:26 of 1st period - Icing by Tyler Bozak.
8:27 of 1st period - Stefan Matteau wins face-off versus Tyler Bozak in Condors zone.
8:54 of 1st period - Penalty to Mikhail Grigorenko is over, Mikhail Grigorenko is back on ice.
9:27 of 1st period - Snap shot by Kiefer Sherwood.
9:27 of 1st period - Stopped by Joe Cannata with a rebound.
10:06 of 1st period - Slapshot by Stefan Matteau.
10:06 of 1st period - Stopped by Mark Visentin without a rebound.
10:07 of 1st period - Frederik Gauthier wins face-off versus Tyler Bozak in Condors zone.
10:14 of 1st period - Snap shot by Tyler Bozak.
10:14 of 1st period - Shot Misses the Net.
11:24 of 1st period - Slapshot by Tyler Bozak.
11:24 of 1st period - Shot Blocked by Petter Granberg.
11:26 of 1st period - Wrist shot by Anton Slepyshev.
11:26 of 1st period - Shot Blocked by Nick Mattson.
11:59 of 1st period - Minor Penalty to Mark Jankowski for Interference.
12:00 of 1st period - Tyler Bozak wins face-off versus Frederik Gauthier in Condors zone.
12:16 of 1st period - Wrist shot by Frederik Gauthier.
12:16 of 1st period - Goal by Frederik Gauthier - Icehogs : 1 - Condors : 0.
12:17 of 1st period - Tyler Bozak wins face-off versus Frederik Gauthier in neutral zone.
12:30 of 1st period - Wrist shot by Tyler Bozak.
12:30 of 1st period - Shot Misses the Net.
12:42 of 1st period - Nick Mattson is hit by Jesse Puljujarvi.
12:50 of 1st period - Snap shot by C.J Suess.
12:50 of 1st period - Shot Blocked by Mike Reilly.
13:05 of 1st period - Minor Penalty to Curtis Lazar for Holding.
13:06 of 1st period - Tyler Bozak wins face-off versus Stefan Matteau in Icehogs zone.
13:06 of 1st period - Snap shot by Daniel Zaar.
13:06 of 1st period - Shot Misses the Net.
13:08 of 1st period - Slapshot by Tyler Bozak.
13:08 of 1st period - Shot Hit the Post.
13:10 of 1st period - Snap shot by Carl Gunnarsson.
13:10 of 1st period - Stopped by Joe Cannata without a rebound.
13:11 of 1st period - Anton Slepyshev wins face-off versus Stefan Matteau in Icehogs zone.
13:22 of 1st period - Snap shot by Anton Slepyshev.
13:22 of 1st period - Deflect By Tyler Bozak.
13:22 of 1st period - Stopped by Joe Cannata with a rebound.
13:24 of 1st period - Wrist shot by Daniel Zaar.
13:24 of 1st period - Stopped by Joe Cannata with a rebound.
13:26 of 1st period - Slapshot by Chris Bigras.
13:26 of 1st period - Shot Misses the Net.
13:40 of 1st period - Backhand shot by Adam Erne.
13:40 of 1st period - Stopped by Joe Cannata with a rebound.
13:42 of 1st period - Wrist shot by Mark Jankowski.
13:42 of 1st period - Stopped by Joe Cannata with a rebound.
13:44 of 1st period - Slapshot by Adam Erne.
13:44 of 1st period - Stopped by Joe Cannata with a rebound.
13:46 of 1st period - Snap shot by Mark Jankowski.
13:46 of 1st period - Shot Misses the Net.
14:08 of 1st period - Slapshot by Frederik Gauthier.
14:08 of 1st period - Shot Blocked by Robby Fabbri.
15:05 of 1st period - Penalty to Curtis Lazar is over, Curtis Lazar is back on ice.
15:31 of 1st period - Snap shot by Kiefer Sherwood.
15:31 of 1st period - Shot Blocked by Mike Reilly.
15:33 of 1st period - Snap shot by Christian Thomas.
15:33 of 1st period - Stopped by Joe Cannata with a rebound.
15:35 of 1st period - Slapshot by Carl Gunnarsson.
15:35 of 1st period - Stopped by Joe Cannata with a rebound.
15:51 of 1st period - Snap shot by Craig Cunningham.
15:51 of 1st period - Stopped by Mark Visentin with a rebound.
15:57 of 1st period - Craig Cunningham is hit by Robby Fabbri and loses puck.
16:30 of 1st period - Backhand shot by Louis Leblanc.
16:30 of 1st period - Stopped by Joe Cannata without a rebound.
16:31 of 1st period - Frederik Gauthier wins face-off versus Louis Leblanc in Icehogs zone.
16:37 of 1st period - Wrist shot by Louis Leblanc.
16:37 of 1st period - Stopped by Joe Cannata without a rebound.
16:38 of 1st period - Tyler Bozak wins face-off versus Michael Chaput in Icehogs zone.
16:47 of 1st period - Wrist shot by Daniel Zaar.
16:47 of 1st period - Shot Blocked by Nick Mattson.
17:27 of 1st period - Wrist shot by Curtis Lazar.
17:27 of 1st period - Stopped by Mark Visentin without a rebound.
17:28 of 1st period - Connor Hurley wins face-off versus Tanner Richard in Condors zone.
17:28 of 1st period - Connor Hurley is hit by Tanner Richard.
17:54 of 1st period - Frederik Gauthier is hit by Tyler Bozak and loses puck.
18:27 of 1st period - Carl Gunnarsson is hit by Petter Granberg and loses puck.
19:56 of 1st period - Slapshot by Michael Chaput.
19:56 of 1st period - Stopped by Mark Visentin with a rebound.
Goals for this period are 1 for Icehogs vs 0 for Condors.
Shots for this period are 10 for Icehogs vs 11 for Condors.
2nd period
0:01 of 2nd period - Tanner Richard wins face-off versus Tyler Bozak in neutral zone.
0:20 of 2nd period - Tyler Bozak is hit by Curtis Lazar and loses puck.
1:11 of 2nd period - Mike Reilly is hit by Eric Gustafsson and loses puck.
1:16 of 2nd period - Slapshot by Connor Hurley.
1:16 of 2nd period - Shot Misses the Net.
1:18 of 2nd period - Minor Penalty to Patrick Sieloff for Holding.
1:19 of 2nd period - Tyler Bozak wins face-off versus Stefan Matteau in Icehogs zone.
1:50 of 2nd period - Wrist shot by Mark Jankowski.
1:50 of 2nd period - Stopped by Joe Cannata without a rebound.
1:51 of 2nd period - Tyler Bozak wins face-off versus Mike Amadio in Icehogs zone.
2:02 of 2nd period - Wrist shot by Tyler Bozak.
2:02 of 2nd period - Shot Misses the Net.
2:16 of 2nd period - Frederik Gauthier is hit by Adam Erne and loses puck.
2:27 of 2nd period - Wrist shot by Robby Fabbri.
2:27 of 2nd period - Shot Hit the Post.
2:29 of 2nd period - Wrist shot by Robby Fabbri.
2:29 of 2nd period - Shot Blocked by Nick Mattson.
3:18 of 2nd period - Penalty to Patrick Sieloff is over, Patrick Sieloff is back on ice.
4:23 of 2nd period - Snap shot by Louis Leblanc.
4:23 of 2nd period - Stopped by Joe Cannata with a rebound.
4:25 of 2nd period - Slapshot by Gustav Olofsson.
4:25 of 2nd period - Shot Blocked by Patrick Sieloff.
4:41 of 2nd period - Wrist shot by Tanner Richard.
4:41 of 2nd period - Deflect By Craig Cunningham.
4:41 of 2nd period - Shot Blocked by Alexandre Carrier.
4:41 of 2nd period - Puck is out of play.
4:42 of 2nd period - Mark Jankowski wins face-off versus Tanner Richard in Condors zone.
4:42 of 2nd period - Mark Jankowski is hit by Curtis Lazar.
4:54 of 2nd period - Chris Bigras is hit by Nick Mattson and loses puck.
5:29 of 2nd period - Stefan Matteau is hit by Kiefer Sherwood and loses puck.
5:36 of 2nd period - Snap shot by Christian Thomas.
5:36 of 2nd period - Shot Misses the Net.
5:54 of 2nd period - Snap shot by Andrew Mangiapane.
5:54 of 2nd period - Deflect By Michael Chaput.
5:54 of 2nd period - Stopped by Mark Visentin without a rebound.
5:55 of 2nd period - Tyler Bozak wins face-off versus Michael Chaput in Condors zone.
6:06 of 2nd period - Wrist shot by Daniel Zaar.
6:06 of 2nd period - Goal by Daniel Zaar - Icehogs : 1 - Condors : 1.
6:07 of 2nd period - Tyler Bozak wins face-off versus Frederik Gauthier in neutral zone.
6:14 of 2nd period - Wrist shot by Stefan Matteau.
6:14 of 2nd period - Shot Misses the Net.
6:53 of 2nd period - Snap shot by Michael Chaput.
6:53 of 2nd period - Shot Blocked by Eric Gustafsson.
6:55 of 2nd period - Slapshot by Mike Reilly.
6:55 of 2nd period - Stopped by Mark Visentin with a rebound.
6:57 of 2nd period - Snap shot by Kurtis Gabriel.
6:57 of 2nd period - Stopped by Mark Visentin without a rebound.
6:58 of 2nd period - Frederik Gauthier wins face-off versus Tyler Bozak in Condors zone.
7:13 of 2nd period - Nick Mattson is hit by Tyler Bozak and loses puck.
7:22 of 2nd period - Minor Penalty to Carl Gunnarsson for Slashing.
7:23 of 2nd period - Frederik Gauthier wins face-off versus Tyler Bozak in Condors zone.
9:22 of 2nd period - Penalty to Carl Gunnarsson is over, Carl Gunnarsson is back on ice.
9:57 of 2nd period - Adam Erne is hit by Duncan Siemens and loses puck.
11:08 of 2nd period - Kiefer Sherwood is hit by Kurtis Gabriel and loses puck.
11:25 of 2nd period - Curtis Lazar is hit by Daniel Zaar.
11:37 of 2nd period - Wrist shot by Louis Leblanc.
11:37 of 2nd period - Shot Blocked by Petter Granberg.
11:39 of 2nd period - Slapshot by Alexandre Carrier.
11:39 of 2nd period - Stopped by Joe Cannata with a rebound.
11:53 of 2nd period - Alexandre Carrier is hit by Nick Mattson and loses puck.
12:26 of 2nd period - Icing by Michael Chaput.
12:27 of 2nd period - Connor Hurley wins face-off versus Tanner Richard in Icehogs zone.
12:34 of 2nd period - Snap shot by Tanner Richard.
12:34 of 2nd period - Goal by Tanner Richard - Icehogs : 2 - Condors : 1.
12:35 of 2nd period - Frederik Gauthier wins face-off versus Tyler Bozak in neutral zone.
12:38 of 2nd period - Snap shot by Petter Granberg.
12:38 of 2nd period - Shot Misses the Net.
12:44 of 2nd period - Snap shot by Daniel Zaar.
12:44 of 2nd period - Stopped by Joe Cannata without a rebound.
12:45 of 2nd period - Frederik Gauthier wins face-off versus Tyler Bozak in Icehogs zone.
13:04 of 2nd period - Snap shot by Tyler Bozak.
13:04 of 2nd period - Shot Misses the Net.
13:06 of 2nd period - Slapshot by Chris Bigras.
13:06 of 2nd period - Shot Misses the Net.
13:48 of 2nd period - Snap shot by Daniel Zaar.
13:48 of 2nd period - Shot Misses the Net.
13:50 of 2nd period - Wrist shot by Anton Slepyshev.
13:50 of 2nd period - Stopped by Joe Cannata without a rebound.
13:51 of 2nd period - Tanner Richard wins face-off versus Mark Jankowski in Icehogs zone.
13:53 of 2nd period - Minor Penalty to Craig Cunningham for Roughing.
13:54 of 2nd period - Mark Jankowski wins face-off versus Frederik Gauthier in Icehogs zone.
14:00 of 2nd period - Slapshot by Mark Jankowski.
14:00 of 2nd period - Shot Misses the Net.
14:02 of 2nd period - Slapshot by Eric Gustafsson.
14:02 of 2nd period - Shot Misses the Net.
14:04 of 2nd period - Wrist shot by Robby Fabbri.
14:04 of 2nd period - Shot Misses the Net.
14:06 of 2nd period - Snap shot by Brett Lernout.
14:06 of 2nd period - Shot Blocked by Frederik Gauthier.
14:08 of 2nd period - Wrist shot by Robby Fabbri.
14:08 of 2nd period - Stopped by Joe Cannata with a rebound.
14:10 of 2nd period - Wrist shot by Mark Jankowski.
14:10 of 2nd period - Goal by Mark Jankowski - Icehogs : 2 - Condors : 2.
14:11 of 2nd period - Tanner Richard wins face-off versus Tyler Bozak in neutral zone.
14:36 of 2nd period - Nick Mattson is hit by Louis Leblanc.
14:46 of 2nd period - Snap shot by Craig Cunningham.
14:46 of 2nd period - Shot Misses the Net.
15:00 of 2nd period - Slapshot by Patrick Sieloff.
15:00 of 2nd period - Deflect By Frederik Gauthier.
15:00 of 2nd period - Shot Blocked by Adam Erne.
15:00 of 2nd period - Puck is out of play.
15:01 of 2nd period - Frederik Gauthier wins face-off versus Mark Jankowski in Condors zone.
15:25 of 2nd period - Icing by Mark Jankowski.
15:26 of 2nd period - Mark Jankowski wins face-off versus Michael Chaput in Condors zone.
15:34 of 2nd period - Off-side.
15:35 of 2nd period - Frederik Gauthier wins face-off versus Tyler Bozak in neutral zone.
16:02 of 2nd period - Mike Amadio is hit by Anton Slepyshev and loses puck.
16:23 of 2nd period - Wrist shot by Daniel Zaar.
16:23 of 2nd period - Shot Misses the Net.
16:51 of 2nd period - Slapshot by Stefan Matteau.
16:51 of 2nd period - Stopped by Mark Visentin without a rebound.
16:52 of 2nd period - Mark Jankowski wins face-off versus Tanner Richard in Condors zone.
16:52 of 2nd period - Mark Jankowski is hit by Craig Cunningham.
17:02 of 2nd period - Mark Jankowski is hit by Patrick Sieloff and loses puck.
17:43 of 2nd period - Slapshot by Michael Chaput.
17:43 of 2nd period - Stopped by Mark Visentin with a rebound.
17:45 of 2nd period - Slapshot by Patrick Sieloff.
17:45 of 2nd period - Deflect By C.J Suess.
17:45 of 2nd period - Stopped by Mark Visentin with a rebound.
17:47 of 2nd period - Slapshot by Mike Reilly.
17:47 of 2nd period - Shot Blocked by Gustav Olofsson.
17:49 of 2nd period - Slapshot by Mike Reilly.
17:49 of 2nd period - Shot Blocked by Jesse Puljujarvi.
18:05 of 2nd period - Slapshot by Patrick Sieloff.
18:05 of 2nd period - Stopped by Mark Visentin with a rebound.
18:07 of 2nd period - Slapshot by Mike Reilly.
18:07 of 2nd period - Stopped by Mark Visentin with a rebound.
18:09 of 2nd period - Wrist shot by Dillon Dube.
18:09 of 2nd period - Shot Blocked by Brett Lernout.
19:19 of 2nd period - Minor Penalty to Nick Mattson for Delaying the game.
19:20 of 2nd period - Stefan Matteau wins face-off versus Tyler Bozak in Icehogs zone.
19:36 of 2nd period - Backhand shot by Eric Gustafsson.
19:36 of 2nd period - Stopped by Joe Cannata with a rebound.
19:54 of 2nd period - Wrist shot by Adam Erne.
19:54 of 2nd period - Deflect By Robby Fabbri.
19:54 of 2nd period - Stopped by Joe Cannata without a rebound.
19:55 of 2nd period - Mike Amadio wins face-off versus Mark Jankowski in Icehogs zone.
Goals for this period are 1 for Icehogs vs 2 for Condors.
Shots for this period are 9 for Icehogs vs 10 for Condors.
3rd period
0:01 of 3rd period - Tyler Bozak wins face-off versus Stefan Matteau in neutral zone.
0:06 of 3rd period - Calle Andersson is hit by Carl Gunnarsson and loses puck.
0:36 of 3rd period - Snap shot by Carl Gunnarsson.
0:36 of 3rd period - Shot Blocked by Mike Reilly.
1:12 of 3rd period - Stefan Matteau is hit by Tyler Bozak and loses puck.
1:19 of 3rd period - Penalty to Nick Mattson is over, Nick Mattson is back on ice.
2:40 of 3rd period - Calle Andersson is hit by Anton Slepyshev and loses puck.
2:51 of 3rd period - Slapshot by Petter Granberg.
2:51 of 3rd period - Stopped by Mark Visentin without a rebound.
2:52 of 3rd period - Mark Jankowski wins face-off versus Michael Chaput in Condors zone.
3:01 of 3rd period - Slapshot by Patrick Sieloff.
3:01 of 3rd period - Shot Blocked by Carl Gunnarsson.
3:19 of 3rd period - Curtis Lazar is hit by Tyler Bozak and loses puck.
3:26 of 3rd period - Chris Bigras is hit by Craig Cunningham and loses puck.
3:41 of 3rd period - Slapshot by Mikhail Grigorenko.
3:41 of 3rd period - Shot Misses the Net.
3:43 of 3rd period - Slapshot by Dillon Dube.
3:43 of 3rd period - Deflect By Chris Bigras.
3:43 of 3rd period - Stopped by Mark Visentin without a rebound.
3:44 of 3rd period - Louis Leblanc wins face-off versus Frederik Gauthier in Condors zone.
3:48 of 3rd period - Off-side.
3:49 of 3rd period - Tyler Bozak wins face-off versus Frederik Gauthier in neutral zone.
4:01 of 3rd period - Wrist shot by Stefan Matteau.
4:01 of 3rd period - Goal by Stefan Matteau - Icehogs : 3 - Condors : 2.
4:02 of 3rd period - Tyler Bozak wins face-off versus Frederik Gauthier in neutral zone.
4:42 of 3rd period - Icing by Adam Erne.
4:43 of 3rd period - Mark Jankowski wins face-off versus Michael Chaput in Condors zone.
4:45 of 3rd period - Icing by Robby Fabbri.
4:46 of 3rd period - Mark Jankowski wins face-off versus Michael Chaput in Condors zone.
5:32 of 3rd period - Snap shot by Christian Thomas.
5:32 of 3rd period - Shot Misses the Net.
6:06 of 3rd period - Slapshot by Mike Reilly.
6:06 of 3rd period - Shot Misses the Net.
6:48 of 3rd period - Slapshot by Eric Gustafsson.
6:48 of 3rd period - Shot Misses the Net.
7:06 of 3rd period - Snap shot by Craig Cunningham.
7:06 of 3rd period - Stopped by Mark Visentin with a rebound.
7:08 of 3rd period - Slapshot by Tanner Richard.
7:08 of 3rd period - Shot Misses the Net.
7:10 of 3rd period - Snap shot by Duncan Siemens.
7:10 of 3rd period - Shot Misses the Net.
7:20 of 3rd period - Wrist shot by Eric Gustafsson.
7:20 of 3rd period - Deflect By Robby Fabbri.
7:20 of 3rd period - Stopped by Joe Cannata with a rebound.
7:22 of 3rd period - Slapshot by Brett Lernout.
7:22 of 3rd period - Stopped by Joe Cannata without a rebound.
7:23 of 3rd period - Mark Jankowski wins face-off versus Dillon Dube in Icehogs zone.
7:35 of 3rd period - Minor Penalty to Dillon Dube for High sticking.
7:36 of 3rd period - Tyler Bozak wins face-off versus Stefan Matteau in Icehogs zone.
7:38 of 3rd period - Snap shot by Tyler Bozak.
7:38 of 3rd period - Stopped by Joe Cannata without a rebound.
7:39 of 3rd period - Tyler Bozak wins face-off versus Stefan Matteau in Icehogs zone.
8:10 of 3rd period - Wrist shot by Mike Amadio.
8:10 of 3rd period - Shot Blocked by Adam Erne.
9:34 of 3rd period - Mark Jankowski is hit by Mike Amadio and loses puck.
9:35 of 3rd period - Penalty to Dillon Dube is over, Dillon Dube is back on ice.
9:39 of 3rd period - Wrist shot by Craig Cunningham.
9:39 of 3rd period - Deflect By Dillon Dube.
9:39 of 3rd period - Stopped by Mark Visentin without a rebound.
9:40 of 3rd period - Tanner Richard wins face-off versus Louis Leblanc in Condors zone.
10:06 of 3rd period - Michael Chaput is hit by Connor Hurley and loses puck.
10:33 of 3rd period - Daniel Zaar is hit by Mike Reilly and loses puck.
10:50 of 3rd period - Gustav Olofsson is hit by Nick Mattson and loses puck.
11:34 of 3rd period - Snap shot by Kurtis Gabriel.
11:34 of 3rd period - Deflect By Andrew Mangiapane.
11:34 of 3rd period - Stopped by Mark Visentin with a rebound.
11:36 of 3rd period - Wrist shot by Kurtis Gabriel.
11:36 of 3rd period - Shot Blocked by Brett Lernout.
11:38 of 3rd period - Slapshot by Duncan Siemens.
11:38 of 3rd period - Stopped by Mark Visentin without a rebound.
11:39 of 3rd period - Frederik Gauthier wins face-off versus Connor Hurley in Condors zone.
13:26 of 3rd period - Slapshot by Stefan Matteau.
13:26 of 3rd period - Shot Blocked by Brett Lernout.
13:28 of 3rd period - Wrist shot by Stefan Matteau.
13:28 of 3rd period - Goal by Stefan Matteau - Icehogs : 4 - Condors : 2.
13:29 of 3rd period - Tyler Bozak wins face-off versus Tanner Richard in neutral zone.
13:32 of 3rd period - Slapshot by Carl Gunnarsson.
13:32 of 3rd period - Stopped by Joe Cannata with a rebound.
14:15 of 3rd period - Mikhail Grigorenko is hit by Louis Leblanc.
14:19 of 3rd period - C.J Suess is hit by Mikhail Grigorenko and loses puck.
14:53 of 3rd period - Snap shot by Adam Erne.
14:53 of 3rd period - Stopped by Joe Cannata with a rebound.
15:03 of 3rd period - Wrist shot by Mikhail Grigorenko.
15:03 of 3rd period - Shot Hit the Post.
15:21 of 3rd period - Robby Fabbri is hit by Duncan Siemens and loses puck.
15:34 of 3rd period - Daniel Zaar is hit by Duncan Siemens and loses puck.
16:31 of 3rd period - Eric Gustafsson is hit by Nick Mattson and loses puck.
17:26 of 3rd period - Louis Leblanc is hit by Mikhail Grigorenko.
18:50 of 3rd period - Frederik Gauthier is hit by Jesse Puljujarvi and loses puck.
19:01 of 3rd period - Calle Andersson is hit by Tyler Bozak and loses puck.
Goals for this period are 2 for Icehogs vs 0 for Condors.
Shots for this period are 8 for Icehogs vs 5 for Condors.